Map: Tokamak LE

Players

herO - Winner!

  • Race: Protoss Protoss
  • Spawn Location: 1:00

VITmaru (Maru)

  • Race: Terran Terran
  • Spawn Location: 7:00

Event: DreamHack Dallas 2025

VOD

Have the link to the VOD?

Description

Time

  • Played on: May 25, 2025, 10:35 a.m.
  • Length: 9:52

All games in this series

Show
View Real Time Build Order
Export as new Build Order

herO Protoss - Winner!

Build Orders: 1 Gate Expand, Phoenix Opening, Blink Stalkers 

Get SALT Encoding   

  12  0:00  Probe  
  13  0:12  Probe  
  14  0:17  Pylon  
  14  0:23  Probe  
  15  0:30  Assimilator  
  15  0:31  Probe  
  16  0:39  Probe  
  16  0:45  Gateway  
  17  0:50  Probe  
  18  1:03  Probe  
  19  1:15  Probe  
  20  1:21  Nexus  
  20  1:32  Cybernetics Core  
  20  1:33  Probe  
  20  1:38  Assimilator  
  21  1:45  Probe  
  22  1:48  Pylon  
  22  1:56  Stalker  
  22  1:57  Probe  
  23  2:08  Warp Gate  
  25  2:10  Probe  
  26  2:22  Probe  
  27  2:25  Sentry  
  27  2:29  Probe  
  29  2:30  Probe  
  29  2:33  Shield Battery  
  31  2:37  Probe  
  31  2:38  Probe  
  33  2:45  Stalker  
  33  2:46  Phoenix  
  33  2:48  Probe  
  33  2:51  Probe  
  37  3:00  Probe, Twilight Council  
  37  3:03  Probe  
  39  3:09  Gateway, Blink  
  39  3:13  Probe  
  39  3:15  Probe  
  39  3:19  Pylon  
  41  3:23  Gateway  
  41  3:27  Probe x2  
  43  3:37  Pylon  
  43  3:43  Probe x2  
  44  3:55  Probe x2  
  46  3:56  Stalker  
  48  4:02  Pylon  
  48  4:03  Stalker  
  50  4:13  Nexus  
  50  4:16  Pylon  
  50  4:20  Probe x2  
  52  4:27  Stalker x2  
  56  4:31  Stalker  
  56  4:33  Probe  
  56  4:47  Probe x2  
  56  4:50  Assimilator  
  58  4:56  Stalker x2  
  62  5:00  Stalker  
  62  5:03  Shield Battery  
  62  5:05  Probe  
  65  5:10  Charge  
  65  5:13  Pylon  
  63  5:24  Probe x2  
  63  5:25  Stalker, Probe  
  63  5:26  Stalker  
  63  5:28  Stalker  
  72  5:36  Gateway  
  72  5:39  Robotics Facility  
  72  5:41  Probe x2  
  75  5:54  Stalker x3  
  75  5:56  Probe x3  
  81  6:01  Pylon  
  79  6:08  Probe x3  
  66  6:18  Stalker  
  66  6:19  Stalker x2  
  66  6:20  Probe x3  
  75  6:26  Observer  
  75  6:30  Forge  
  76  6:35  Probe x3  
  76  6:37  Assimilator  
  79  6:41  Warp Prism  
  79  6:42  Robotics Bay  
  81  6:51  Zealot x2, Sentry  
  81  6:53  Protoss Ground Weapons Level 1  
  89  6:56  Pylon  
  89  6:58  Gateway  
  89  6:59  Gateway  
  89  7:00  Zealot  
  89  7:09  Gateway  
  89  7:11  Gateway  
  89  7:15  Pylon, Gateway  
  89  7:18  Stalker  
  89  7:19  Stalker  
  89  7:20  Probe x2  
  91  7:23  Colossus  
  91  7:32  Probe x3  
  94  7:43  Zealot x4, Extended Thermal Lance  
  108  7:49  Pylon x2  
  108  7:51  Gateway  
  108  8:00  Shield Battery  
  108  8:01  Colossus  
  108  8:03  Zealot x4  
  116  8:21  Shield Battery  
  116  8:24  Stalker  
  116  8:25  Stalker x2  
  122  8:30  Zealot x4  
  130  8:36  Pylon x2  
  130  8:38  Zealot x2  
  134  8:47  Sentry  
  136  8:51  Zealot, Sentry  
  136  8:52  Colossus  
  136  8:53  Nexus  
  140  8:55  Shield Battery  
  136  9:07  Zealot x3  
  148  9:11  Zealot  
  148  9:16  Zealot x3  
  150  9:27  Stalker x4  
  120  9:33  Stalker x2  
  104  9:40  Zealot x3  
Show
View Real Time Build Order
Export as new Build Order

VITmaru Terran 

Build Orders: Cyclone Opening 

Get SALT Encoding   

  12  0:00  SCV  
  13  0:12  SCV  
  14  0:17  Supply Depot  
  14  0:24  SCV  
  15  0:39  SCV  
  15  0:41  Barracks  
  15  0:42  Refinery  
  16  0:51  SCV  
  16  0:52  Refinery  
  17  1:03  SCV  
  18  1:15  SCV  
  19  1:27  Orbital Command, Reaper  
  20  1:34  Supply Depot  
  20  1:42  Factory  
  20  1:53  SCV  
  21  2:00  Barracks Tech Lab  
  21  2:05  SCV  
  22  2:17  SCV  
  22  2:18  Command Center  
  23  2:29  SCV  
  24  2:32  Cyclone  
  27  2:39  Starport  
  27  2:43  SCV  
  28  2:47  Supply Depot  
  28  2:52  Barracks Reactor  
  28  2:55  SCV  
  29  3:04  Widow Mine  
  31  3:09  SCV  
  32  3:16  Medivac  
  34  3:21  SCV  
  34  3:26  Widow Mine  
  37  3:29  Marine x2  
  37  3:33  Orbital Command, SCV  
  40  3:45  SCV  
  40  3:46  Starport Tech Lab  
  40  3:48  Marine, Siege Tank  
  40  3:49  Marine  
  40  3:51  Supply Depot  
  45  3:56  Barracks  
  45  3:57  SCV  
  45  3:59  SCV  
  50  4:10  SCV, Banshee, Marine x2  
  50  4:13  SCV  
  54  4:22  SCV  
  54  4:23  Siege Tank  
  58  4:25  SCV  
  58  4:26  Refinery  
  58  4:27  Supply Depot  
  58  4:28  Marine  
  58  4:30  Marine  
  61  4:34  SCV  
  62  4:41  SCV  
  61  4:46  SCV  
  61  4:49  Marine x3, Supply Depot  
  65  4:53  Banshee  
  65  4:54  SCV  
  65  4:57  Supply Depot  
  65  4:58  SCV  
  70  5:06  Engineering Bay, Barracks  
  70  5:10  Marine  
  70  5:11  SCV  
  70  5:12  Siege Tank  
  75  5:17  SCV  
  73  5:23  SCV  
  73  5:24  Marine  
  73  5:25  Barracks Tech Lab  
  75  5:34  SCV  
  76  5:36  Marine, Raven, Refinery  
  76  5:38  Terran Infantry Weapons Level 1  
  78  5:43  Marine x2  
  78  5:49  SCV  
  80  5:51  Siege Tank  
  79  6:06  Marine x4  
  79  6:07  SCV  
  79  6:10  SCV  
  73  6:16  Barracks x2  
  73  6:17  Stimpack  
  63  6:19  SCV  
  63  6:22  SCV  
  63  6:24  Marine x2  
  65  6:29  Siege Tank  
  65  6:31  SCV, Marine  
  68  6:34  Supply Depot  
  68  6:36  Starport Reactor  
  68  6:37  SCV  
  68  6:39  Marine  
  70  6:40  Supply Depot  
  70  6:41  Marine x2  
  70  6:42  Combat Shield  
  72  6:49  Marine, Supply Depot x2  
  73  6:57  Marauder  
  73  6:58  Barracks  
  73  6:59  Marine  
  73  7:00  Marauder  
  78  7:05  Marine  
  78  7:07  Marine, Factory Reactor  
  80  7:17  Marine  
  80  7:18  Medivac  
  80  7:19  Marauder  
  80  7:21  Marauder  
  89  7:22  Marine  
  89  7:23  Concussive Shells, Marauder  
  89  7:25  Marine  
  91  7:32  Medivac  
  91  7:35  Marine  
  94  7:40  Marine, Marauder  
  94  7:42  Supply Depot  
  94  7:43  Marauder  
  101  7:44  Marauder  
  101  7:50  Viking, Factory Tech Lab  
  103  8:01  Marauder  
  103  8:02  Viking, Marine x3  
  103  8:03  Marine  
  103  8:04  Marauder  
  114  8:05  Marauder  
  114  8:06  SCV  
  114  8:07  SCV  
  115  8:15  Supply Depot x2  
  118  8:23  Marauder  
  118  8:25  Viking, Marauder  
  124  8:27  Siege Tank  
  124  8:28  Marine x2  
  124  8:29  Marauder  
  128  8:37  Viking, Marine  
  131  8:41  Marine  
  131  8:44  Marauder  
  131  8:46  Marine  
  135  8:50  Marine  
  135  8:51  Marine, Marauder  
  135  8:55  Marine  
  139  9:01  Siege Tank  
  143  9:04  Marine  
  143  9:05  Marine, Marauder  
  147  9:10  Viking  
  104  9:33  Marine  
  104  9:34  Marine x2  
Tags
 
Add a new tag
Caveats
  • Supply blocks, unpowered buildings, or Contaminate may cause inaccurate times.
  • Supply counts are checked every 10 seconds.